 Dungeon Crawl Stone Soup version 0.22-a0-21-g9421e3f (webtiles) character file.

198 Gorglomux the Cutter (level 5, -5/29 HPs)
             Began as a Vine Stalker Gladiator on Jan 3, 2018.
             Slain by an orc priest
             ... wielding a +0 mace
              (7 damage)
             ... while paralysed by Grinder
             ... on level 3 of the Dungeon.
             The game lasted 00:03:24 (2150 turns).

Gorglomux the Cutter (Vine Stalker Gladiator)       Turns: 2150, Time: 00:03:25

Health: -5/29      AC:  9    Str: 17    XL:     5   Next: 76%
Magic:  0/6        EV:  2    Int:  8    God:
Gold:   61         SH:  0    Dex: 16    Spells: 4/4 levels left

rFire    + . .     SeeInvis .   a - +0 rapier
rCold    + . .     Gourm    .   (no shield)
rNeg     . . .     Faith    .   P - +0 ring mail
rPois    +         Spirit   +   c - +0 helmet
rElec    +         Reflect  .   H - +2 cloak
rCorr    +         Harm     .   (no gloves)
MR       .....                  (no boots)
Stlth    +.........             (no amulet)
HPRegen  0.49/turn              (no ring)
MPRegen  0.10/turn              (no ring)

@: paralysed, resistant
A: fangs 2, regeneration 1, magic shield, antimagic bite, no potion heal 3, rot
immunity
a: no special abilities


You were on level 3 of the Dungeon.
You were not hungry.

You visited 1 branch of the dungeon, and saw 3 of its levels.

You collected 61 gold pieces.

Inventory:

Hand Weapons
 a - a +0 rapier (weapon)
Missiles
 Z - 3 throwing nets (quivered)
Armour
 c - a +0 helmet (worn)
 H - a +2 cloak (worn)
 P - a +0 ring mail (worn)
Jewellery
 X - a +4 ring of dexterity {unknown}
Scrolls
 J - a scroll of immolation {unknown}
 M - a scroll of magic mapping
 R - 2 scrolls of identify
 S - a scroll of fog
 V - 3 scrolls of remove curse
Potions
 K - 2 potions of heal wounds
 N - a potion of cancellation {unknown}
 O - a potion of flight {unknown}
 Q - a potion of curing
 T - a potion of invisibility
 U - 2 potions of brilliance {unknown}
 W - a potion of agility
 Y - a potion of mutation {unknown}
Comestibles
 f - 4 rations
 I - 3 chunks of flesh


   Skills:
 + Level 3.9 Fighting
 + Level 4.4 Short Blades
 - Level 1.7 Throwing
 - Level 2.4 Dodging


You had 4 spell levels left.
You didn't know any spells.

Dungeon Overview and Level Annotations

Branches:
Dungeon (3/15)

Altars:
Yredelemnul
The Shining One

Annotations:
D:2 1 runed door
D:3 Grinder


Innate Abilities, Weirdness & Mutations

You have extremely sharp teeth.
Your natural rate of healing is unusually fast.
When hurt, damage is shared between your health and your magic reserves.
Your bite disrupts and absorbs the magic of your enemies.
Potions cannot restore your health.
You are immune to rotting.


Message History

The goblin hits you but does no damage!
The orc priest hits you but does no damage!
Grinder hits you but does no damage! The goblin hits you with a dagger!
The orc priest hits you with a mace! * * * don't die
* * * Grinder blinks!!!
The goblin barely misses you! Grinder gestures at you!
You resist with some effort!
The orc priest calls down the wrath of Beogh upon you!
Beogh smites you!!! * * * don't die
* * * The butt hits butt but does no damage!
The orc hits you with a butt of venom! * * * don't die
* * * The orc priest hits you but does no damage!
The goblin butts you but does no damage!
The orc hits you but does no damage!
Grinder zaps a wand!
Some rock shatters into small pieces!
The orc priest hits you with a mace!!! rip

## ..#.#.# #...
.......
.########..#.#.#
.#..............
.#.........#.#.#
#..............
#...[.....#.#.#
##..5...#......
#@..#.# ##.#.
######ogo#..#
#...........#
#.###.#..######## .
#.# .##.... #...####.#
#.#.##.######...#....#
#............#..#.####
#############...#....#
#...####.#


You could see Grinder, an orc priest, an orc and a goblin.

Vanquished Creatures
  A water moccasin (D:2)
  Terence (D:2)
  An adder (D:2)
  An ooze (D:3)
  2 dart slugs
  3 leopard geckos (D:1)
  2 orcs (D:3)
  A ball python (D:2)
  3 giant cockroaches
  6 goblins
  4 hobgoblins
  4 jackals (D:2)
  A quokka (D:3)
  4 bats
  3 frilled lizards
  5 kobolds
  2 rats (D:1)
44 creatures vanquished.

Notes
Turn   | Place    | Note
-------+----------+-------------------------------------------
     0 | D:1      | Gorglomux the Vine Stalker Gladiator began the quest for the Orb.
     0 | D:1      | Reached XP level 1. HP: 11/11 MP: 2/2
   211 | D:1      | Reached skill level 3 in Short Blades
   211 | D:1      | Reached XP level 2. HP: 12/15 MP: 3/3
   706 | D:1      | Reached XP level 3. HP: 18/19 MP: 4/4
  1145 | D:2      | Noticed a water moccasin
  1160 | D:2      | Killed a water moccasin
  1160 | D:2      | Reached skill level 3 in Fighting
  1160 | D:2      | Reached skill level 4 in Short Blades
  1160 | D:2      | Gained mutation: Your natural rate of healing is unusually fast. [Vine Stalker growth]
  1160 | D:2      | Reached XP level 4. HP: 13/24 MP: 5/5
  1160 | D:2      | Reached XP level 5. HP: 15/28 MP: 6/6
  1216 | D:2      | Noticed Terence
  1234 | D:2      | Killed Terence
  1239 | D:2      | Found a glowing golden altar of the Shining One.
  1248 | D:2      | Found a basalt altar of Yredelemnul.
  1250 | D:2      | Noticed a profane servitor
  1416 | D:2      | Found a runed door.
  1601 | D:2      | Noticed an angel
  2114 | D:3      | Noticed Grinder
  2144 | D:3      | Paralysed by Grinder for 7 turns
  2148 | D:3      | HP: 1/29 [orc/mace of venom (2)]
  2150 | D:3      | Slain by an orc priest

Vault maps used:
D:1:      tarquinn_simple_flora_water_e
D:2:      grunt_temple_overflow_holy_war, uniq_crazy_yiuf_cottage, uniq_terence
D:3:      minmay_diamond_boxcup, serial_co_window_serial, co_window_paths_a,
          co_window_corner_a, co_window_corner_a, co_window_paths_a,
          co_window_of_opportunity_a, co_window_broadway_c,
          co_window_unsneaky_path_b, co_window_paths_c, co_window_cross_3,
          co_window_4corner_a, co_window_paths_e, glass_columns_a,
          glass_columns_c, glass_columns_c, glass_columns_a, glass_columns_b,
          uniq_jessica, uniq_grinder

Skill      XL: |  1  2  3 |
---------------+----------+-----
Fighting       | 2 3 |  3.9
Short Blades   | 3 4 |  4.4
Throwing       | |  1.7
Dodging        | |  2.4

Action                   |  1- 3 |  4- 6 || total
-------------------------+-------+-------++-------
Melee: Rapier            |    70 |    77 ||   147
       Bite              |    22 |    16 ||    38
  Use: Scroll            |     3 |     1 ||     4
       Potion            |     3 |     1 ||     4
 Stab: Sleeping          |     2 |       ||     2
       Invisible         |     1 |       ||     1
  Eat: Chunk             |     1 |     3 ||     4
Armor: Leather armour    |    11 |       ||    11
       Ring mail         |     9 |    45 ||    54
Dodge: Dodged            |    42 |    52 ||    94

Table legend:
 A = Spawn XP
 B = Non-spawn XP
 C = Spawn XP percentage of total XP
 D = Spawn monster count
 E = Non-spawn monster count
 F = Spawn count percentage of total count
 G = Total turns spent on level
                    A         B        C        D         E        F      G
               +---------+---------+-------+---------+---------+-------+---------
         Total |       0 |     283 |   0.0 |       0 |      44 |   0.0 |  2150
               +---------+---------+-------+---------+---------+-------+---------
           D:1 |       0 |      36 |   0.0 |       0 |      19 |   0.0 |  1016
           D:2 |       0 |     220 |   0.0 |       0 |      14 |   0.0 |   716
           D:3 |       0 |      27 |   0.0 |       0 |      11 |   0.0 |   418
               +---------+---------+-------+---------+---------+-------+---------
